 Dungeon Crawl Stone Soup version 0.29-a0-350-g7790a0e70a (webtiles) character file.

Game seed: 9267432198960016492

60 SkeletonJelly the Twirler (level 3, 0/27 HPs)
             Began as a Minotaur Gladiator on Apr 20, 2022.
             Was a Follower of Hepliaklqana.
             Slain by a goblin
             ... wielding a +0 club
             ... led by Robin
              (2 damage)
             ... on level 2 of the Dungeon on Apr 23, 2022.
             The game lasted 00:03:11 (939 turns).

SkeletonJelly the Twirler (Minotaur Gladiator)       Turns: 939, Time: 00:03:11

Health: 0/27       AC:  3    Str: 26    XL:     3   Next: 80%
Magic:  2/2        EV: 12    Int:  5    God:    Hepliaklqana [*.....]
Gold:   77         SH:  0    Dex: 11    Spells: 2/2 levels left

rFire   . . .      SeeInvis .   a - +0 quarterstaff
rCold   . . .      Faith    .   (shield currently unavailable)
rNeg    . . .      Spirit   .   b - +0 leather armour
rPois   .          Reflect  .   c - +0 hat
rElec   .          Harm     .   (no cloak)
rCorr   .          Rampage  .   (no gloves)
Will    .....                   (no boots)
Stlth   +.........              (no amulet)
HPRegen 0.09/turn               j - +6 ring of strength
MPRegen 0.08/turn               (no ring)

@: no status effects
A: reduced essence, horns 2, retaliatory headbutt
a: Renounce Religion, Recall Ancestor, Ancestor Identity


You were on level 2 of the Dungeon.
You worshipped Hepliaklqana.
Hepliaklqana was aware of your devotion.
You visited 1 branch of the dungeon, and saw 2 of its levels.

You collected 77 gold pieces.

Inventory:

Hand Weapons
 a - a +0 quarterstaff (weapon)
Missiles
 d - a throwing net (quivered)
 e - a javelin
 g - 12 poisoned darts
Armour
 b - a +0 leather armour (worn)
 c - a +0 hat (worn)
Jewellery
 j - a +6 ring of strength (left hand)
Scrolls
 i - 2 scrolls of teleportation {unknown}
 k - a scroll of amnesia {unknown}
 l - a scroll of magic mapping {unknown}
 n - a scroll of immolation {unknown}
 o - 3 scrolls of identify {unknown}
 p - a scroll of brand weapon {unknown}
Potions
 f - a potion of resistance {unknown}
 h - a potion of flight {unknown}
 m - a potion of brilliance {unknown}


   Skills:
 + Level 3.2 Fighting
 * Level 4.8 Staves
 - Level 2.0 Throwing
 + Level 3.9 Dodging


You had 2 spell levels left.
You didn't know any spells.
Your spell library was empty.

Dungeon Overview and Level Annotations

Branches:
Dungeon (2/15)

Altars:
Hepliaklqana

Shops:
D:1 [

Annotations:
D:2 Robin


Innate Abilities, Weirdness & Mutations

Your life essence is reduced to manifest your ancestor. (-10% HP)
You have a pair of horns on your head.
You reflexively headbutt those who attack you in melee.


Message History

A goblin comes into view. It is wielding a +0 dagger of freezing.
A goblin and a dart slug come into view.
The goblin shouts!
You hear a shout! x2
Robin of the Strong Arm comes into view.
They are wielding a +0 short sword.
The goblin hits you with a +0 dagger.
A goblin comes into view. It is wielding a +0 dagger.
You take 3 damage, and have 22/27 hp.
Robin shouts!
You hit the goblin. Your headbutt misses the goblin.
The goblin is moderately wounded.
Robin flexes a bicep menacingly.
The goblin barely misses you.
The hobgoblin barely misses Æðelind.
You hit the goblin.
You kill the goblin! Æðelind hits the hobgoblin.
Robin throws the goblin at you!
A goblin comes into view. It is wielding a +0 club.
The hobgoblin misses you. The goblin barely misses you.
A goblin comes into view. It is wielding a +0 dagger.
You sock the hobgoblin!
You kill the hobgoblin! Æðelind closely misses the goblin.
The goblin hits you with a +0 dagger.
The goblin unwields a +0 club.
The goblin wields a +0 hunting sling.
The goblin shoots a sling bullet.
The sling bullet closely misses you. The goblin hits you but does no damage.
You hit the goblin.
The goblin is severely wounded. Æðelind closely misses the goblin.
Robin throws the goblin at you!
The goblin hits Æðelind with a +0 dagger.
The goblin barely misses you.
The goblin hits you with a +0 dagger of speed.
The goblin hits you with a +0 dagger.
You hit the goblin.
You kill the goblin!
The goblin hits you but does no damage. Æðelind misses the goblin.
The goblin closely misses you. You furiously retaliate!
You headbutt the goblin.
You kill the goblin!
Robin roars a battlecry!
The goblins go into a battle-frenzy!
The goblin closely misses you. x2; You furiously retaliate!
You headbutt the goblin!
You kill the goblin!
You take 2 damage, and have 20/27 hp.
The goblin hits you with a +0 dagger.
The goblin closely misses Æðelind.
The goblin shoots a sling bullet.
The sling bullet barely misses Æðelind.
The sling bullet barely misses you.
Things that are here:
a +0 club; a goblin corpse You take 1 damage, and have 19/27 hp. Æðelind misses the goblin.
The goblin hits you with a +0 dagger.
Robin says, "Feeling lonely?"
The goblin unwields a +0 hunting sling.
The goblin wields a +0 club.
The goblin hits Æðelind but does no damage.
You take 4 damage, and have 15/27 hp. Æðelind hits the goblin.
The goblin hits Æðelind with a +0 dagger.
The goblin unwields a +0 club.
The goblin wields a +0 hunting sling.
The goblin shoots a sling bullet.
The sling bullet hits Æðelind. Æðelind is destroyed!
You sock the goblin!
You kill the goblin!
Robin throws the goblin at you! The goblin barely misses you.
You sock the goblin!
You kill the goblin!
Robin throws the goblin at you! The goblin barely misses you.
The goblin hits you with a +0 club.
You take 5 damage, and have 10/27 hp.
The goblin attacks as you move away! The goblin hits you but does no damage.
The goblin attacks as you move away! The goblin barely misses you.
The goblin hits you with a +0 dagger.
* * * LOW HITPOINT WARNING * * *
You take 5 damage, and have 5/27 hp.
The goblin attacks as you move away! The goblin hits you with a +0 club.
* * * LOW HITPOINT WARNING * * *
The goblin attacks as you move away! The goblin barely misses you.
The goblin attacks as you move away! The goblin closely misses you.
You take 2 damage, and have 3/27 hp.
The goblin attacks as you move away!
The goblin hits you with a +0 dagger of freezing.
* * * LOW HITPOINT WARNING * * *
The goblin freezes you.
* * * LOW HITPOINT WARNING * * *
You take 1 damage, and have 2/27 hp.
Throw: 3 throwing nets
Press: ? - help, Q - select action, (/) - cycle Shift-Dir - straight line, f - goblin
Aim: a goblin, wielding a +0 dagger of freezing (moderately wounded, strong, 50% to hit)
You throw a throwing net. The throwing net hits the goblin.
The goblin is caught in the net!
The goblin is moderately wounded.
The goblin struggles against the net.
The goblin struggles against the net.
Throw: 2 throwing nets
Press: ? - help, Q - select action, (/) - cycle Shift-Dir - straight line, f/p - goblin
Aim: a goblin, wielding a +0 dagger of freezing (moderately wounded, strong, entangled in a net, 85% to hit)
You throw a throwing net.
The throwing net closely misses the goblin.
The throwing net hits the goblin.
The goblin is moderately wounded.
The goblin struggles against the net.
The goblin hits you with a +0 club.
You die...

.............#.#.....
...........###.#..##
...............#..#
.........##... #..#
...♣.♣........##..#
......♣..##...##..#
#..♣..♣..# ...##..#
#...♣♣♣..# ..##..#
#........# #.##@.#
#........####.##g.#
####..##.#...[.#gg#
#.....#...#.#..##.#.
#####.......g$......#
###...#g#####....
#####)#........
#)).###....
##.........


You could see Robin and 3 goblins.

Vanquished Creatures
  2 adders (D:2)
  A worm (D:2)
  A dart slug (D:1)
  2 ball pythons
  2 endoplasms
  2 giant cockroaches
  11 goblins
  4 hobgoblins
  2 kobolds
  A bat (D:1)
  4 frilled lizards
32 creatures vanquished.

Vanquished Creatures (collateral kills)
  A frilled lizard (D:1)
  A rat (D:2)
2 creatures vanquished.

Vanquished Creatures (others)
  An ancestor (D:2)
  5 plants (D:1)
  5 withered plants (D:1)
11 creatures vanquished.

Grand Total: 45 creatures vanquished

Notes
Turn   | Place    | Note
-------+----------+-------------------------------------------
     0 | D:1      | SkeletonJelly the Minotaur Gladiator began the quest for
                  | the Orb.
     0 | D:1      | Reached XP level 1. HP: 18/18 MP: 0/0
   191 | D:1      | Reached skill level 4 in Staves
   249 | D:1      | Reached XP level 2. HP: 25/25 MP: 1/1
   355 | D:1      | Found a faded altar of an unknown god.
   547 | D:1      | Upgraded the game from 0.29-a0-341-g24ffce5b50 to
                  | 0.29-a0-350-g7790a0e70a
   547 | D:1      | Prayed at the altar of an unknown god.
   547 | D:1      | Became a worshipper of Hepliaklqana the Forgotten
   547 | D:1      | Reached * piety under Hepliaklqana
   596 | D:1      | Found Gop Zei's Antique Armour Emporium.
   825 | D:2      | Reached XP level 3. HP: 26/27 MP: 2/2
   922 | D:2      | Noticed Robin
   936 | D:2      | HP: 1/27 [goblin/+0 dagger of freezing[Robin] (1)]
   939 | D:2      | Slain by a goblin

Illustrated notes

Levels and vault maps discovered:
D:1:      tarquinn_simple_flora_water_d, layout_basic,
          shapermc_ecumenical_altar_flowoftime, serial_shops, shop
D:2:      layout_basic, basic_altar, interstate_on_off, chequers_garden,
          uniq_robin, uniq_jessica

Skill      XL: |  1  2 |
---------------+-------+-----
Staves         | 4 |  4.8
Fighting       | 3 |  3.2
Throwing       | |  2.0
Dodging        | |  3.9

Action                   || total
-------------------------++-------
Melee: Quarterstaff      ||    71
       Headbutt          ||    12
Throw: Throwing net      ||     2
Invok: Ancestor Identity ||     1
Armor: Leather armour    ||     9
Dodge: Dodged            ||    32

Table legend: (Time is in decaauts)
 A = Elapsed time spent in this place.
 B = Non-inter-level travel time spent in this place.
 C = Inter-level travel time spent in this place.
 D = Time resting spent in this place.
 E = Time spent auto-exploring this place.
 F = Levels seen in this place.
 G = Mean time per level.
                   A        B        C        D        E       F      G
               +--------+--------+--------+--------+--------+-----+--------+
         Total |    944 |    932 |     12 |      0 |    738 |   2 |  472.0 |
       Dungeon |    944 |    932 |     12 |      0 |    738 |   2 |  472.0 |
               +--------+--------+--------+--------+--------+-----+--------+

Top non-repeatable levels by time:
     D:1: 805 daAuts
     D:2: 139 daAuts
